cohdb
Replays
Latest Replays
All Replays
Popular Replays
Top Player Replays
Match Explorer
How It Works
Community
CoH3 Stats
Reddit
Sign in to upload your games and track your stats! →
Sign in with Steam
Match 42228792
Unlisted
Match 42228792
Overview
Messages
Build Orders
End
Construct Infanterie Kompanie
Grenadier Squad
Grenadier Squad
Grenadier Squad
Grenadier Squad
Construct Panzergrenadier Kompanie
Pak 40 Anti-tank Gun Team
Selects Luftwaffe Battlegroup
Selects Stuka Strafing Run
Stuka Strafing Run
Selects Fallschirmjäger Squad Paradrop
Selects Luftwaffe Pioneer Support
251 Medium Carrier
Forward Retreat Point
Selects Fragmentation Bombs
Support Elements
Fragmentation Bombs
Pioneer Squad
Selects Flak 38 Anti-Air Emplacement
Stuka Strafing Run
Nebelwerfer 42 Rocket Launcher Team
Valdai
Getmeout
Sailor
HELP ME
Amx50Foch155
377480068
Hello
tototooto
0
0
Comments
sign in to comment!
No comments posted yet!